 Dungeon Crawl Stone Soup version 0.26.1-11-gd32895ea62 (webtiles) character file.

Game seed: 12721139129514172470

585 Zeld the Chucker (level 7, -10/45 HPs)
             Began as an Octopode Brigand on May 13, 2021.
             Was a Believer of Fedhas.
             Mangled by an ogre
             ... wielding a +0 giant club
              (29 damage)
             ... on level 4 of the Dungeon.
             The game lasted 00:09:19 (4990 turns).

Zeld the Chucker (Octopode Brigand)                 Turns: 4990, Time: 00:09:20

Health: -10/45     AC:  1    Str: 13    XL:     7   Next: 37%
Magic:  7/7        EV: 13    Int: 13    God:    Fedhas [**....]
Gold:   149        SH:  0    Dex: 13    Spells: 6/6 levels left

rFire    . . .     SeeInvis .   a - +2 dagger
rCold    . . .     Faith    .   (no shield)
rNeg     . . .     Spirit   .   (helmet restricted)
rPois    .         Reflect  .   (no amulet)
rElec    .         Harm     .   (no ring)
rCorr    .         Rampage  .   (no ring)
Will     .....                  (no ring)
Stlth    ++++......             (no ring)
HPRegen  0.15/turn              (no ring)
MPRegen  0.10/turn              (no ring)
                                (no ring)
                                (no ring)

@: no status effects
A: almost no armour, stealthy swim, amphibious, 8 rings, constrict 8, camouflage
1, gelatinous body 1
a: Renounce Religion, Wall of Briars


You were on level 4 of the Dungeon.
You worshipped Fedhas.
Fedhas was pleased with you.
You visited 1 branch of the dungeon, and saw 4 of its levels.

You collected 149 gold pieces.

Inventory:

Hand Weapons
 a - a +2 dagger (weapon)
 B - a +0 dagger of speed
Missiles
 b - 18 poisoned darts (quivered)
 c - 2 curare-tipped darts
Jewellery
 j - an uncursed ring of protection from fire {unknown}
 n - an uncursed amulet of guardian spirit {unknown}
 x - an uncursed ring of positive energy {unknown}
 A - an uncursed ring of wizardry {unknown}
Wands
 v - a wand of flame (20)
 y - a wand of paralysis (11)
Scrolls
 g - a scroll of random uselessness {unknown}
 k - 3 scrolls of remove curse {unknown}
 l - 4 scrolls of blinking {unknown}
 m - 3 scrolls of enchant weapon {unknown}
 o - 5 scrolls of teleportation {unknown}
 p - 2 scrolls of amnesia {unknown}
 s - 2 scrolls of identify {unknown}
 w - 2 scrolls of magic mapping {unknown}
Potions
 d - 2 potions of attraction {unknown}
 e - 2 potions of degeneration {unknown}
 f - a potion of berserk rage {unknown}
 h - a potion of magic {unknown}
 i - 2 potions of haste {unknown}
 q - 2 potions of lignification {unknown}
 r - 2 potions of might {unknown}
 t - a potion of brilliance {unknown}
 u - a potion of curing {unknown}
 z - 2 potions of heal wounds {unknown}


   Skills:
 - Level 2.0 Fighting
 * Level 5.5 Short Blades
 - Level 6.0 Throwing
 - Level 1.0 Dodging
 - Level 5.3 Stealth


You had 6 spell levels left.
You didn't know any spells.
Your spell library was empty.

Dungeon Overview and Level Annotations

Branches:
Dungeon (4/15)
 Temple: D:4-7

Altars:
Elyvilon
Fedhas

Shops:
D:4 (


Innate Abilities, Weirdness & Mutations

You cannot wear most types of armour.
You are very stealthy in the water. (Stealth+)
You are amphibious.
You can wear up to eight rings at the same time.
You can use your tentacles to constrict eight enemies at once.
Your skin changes colour to match your surroundings (Stealth+).
Your rubbery body absorbs attacks. (AC +1, EV +1)


Message History

Throw: 19 darts (poison)
Press: ? - help, Q - select action, (/) - cycle Shift-Dir - straight line, f/p - ogre
Aim: an ogre, wielding a +0 giant club (lightly wounded, very poisoned, 76% to hit)
You throw a poisoned dart. The poisoned dart hits the ogre!
The ogre looks as sick as possible!
The ogre is lightly wounded.
You barely miss the ogre. You squeeze the ogre.
The ogre is moderately wounded.
The ogre hits you with a +0 giant club!
You hit the ogre but do no damage.
The ogre is heavily wounded.
You hit the ogre. You squeeze the ogre.
The ogre is severely wounded.
The ogre hits you with a +0 giant club!
You are too injured to fight recklessly!
There is an open door here.
The ogre hits you with a +0 giant club!!
Ouch! That really hurt!
You die...
Fedhas appreciates your contribution to the ecosystem.

#...... +...... #......
############# #......
#.....#..##.#########
#.....#.....#...# #
#.....'....('..(# #
#....O#.....##..#####
######...@.#.....# .#....
#....#(....#........ #....
#....'.....#.........#....
#....#.....##+########....
#....#.....#....###..###..
#....#.....#...........#..
#....#.....#...........#..
#....#.....#....##.....#..
#....#.....#....##.W...#..


You could see an ogre (very poisoned).

Vanquished Creatures
  Grinder (D:3)
  2 scorpions (D:4)
  2 hounds (D:4)
  A centaur skeleton (D:4)
  An orc wizard (D:4)
  A worker ant (D:2)
  6 adders
  An adder skeleton (D:4)
  2 worms
  4 dart slugs
  2 leopard geckos (D:4)
  7 orcs
  6 bats
  6 giant cockroaches
  7 goblins
  5 hobgoblins
  5 jackals
  2 ball pythons
  2 frilled lizards
  8 kobolds
  10 rats
81 creatures vanquished.

Notes
Turn   | Place    | Note
-------+----------+-------------------------------------------
     0 | D:1      | Zeld the Octopode Brigand began the quest for the Orb.
     0 | D:1      | Reached XP level 1. HP: 14/14 MP: 1/1
   248 | D:1      | Reached XP level 2. HP: 18/19 MP: 2/2
   880 | D:2      | Reached skill level 3 in Throwing
   958 | D:2      | Reached XP level 3. HP: 24/24 MP: 3/3
  1170 | D:2      | Found a blossoming altar of Fedhas.
  1182 | D:2      | Became a worshipper of Fedhas Madash
  1206 | D:2      | Reached skill level 4 in Throwing
  1298 | D:2      | Reached XP level 4. HP: 29/29 MP: 4/4
  2087 | D:3      | Reached * piety under Fedhas
  2494 | D:3      | Reached skill level 5 in Throwing
  2627 | D:3      | Noticed Grinder
  2639 | D:3      | Reached XP level 5. HP: 31/34 MP: 5/5
  2652 | D:3      | Paralysed by Grinder for 4 turns
  2662 | D:3      | Killed Grinder
  2663 | D:3      | Reached skill level 6 in Throwing
  2663 | D:3      | Reached XP level 6. HP: 12/39 MP: 6/6
  3546 | D:4      | Found Jell's Antique Weapon Shop.
  3867 | D:4      | Reached XP level 7. HP: 45/45 MP: 7/7
  3990 | D:4      | Found a white marble altar of Elyvilon.
  3994 | D:4      | Reached skill level 5 in Short Blades
  4588 | D:4      | Reached ** piety under Fedhas
  4990 | D:4      | Mangled by an ogre

Illustrated notes

Levels and vault maps discovered:
D:1:      tarquinn_simple_flora_water_d, layout_basic, serial_corexii_hall,
          corexii_hall_statues_x, corexii_hall_statues_l, minmay_box_of_dots
D:2:      layout_loops_corners, fedhas_ov_isle_minmay
D:3:      layout_loops_ring, uniq_grinder
D:4:      layout_gridville, marbit_many_paths, serial_shops,
          kennysheep_mini_moat

Skill      XL: |  1  2  3  4  5  6  7 |
---------------+----------------------+-----
Throwing       | 3 4 5 6 |  6.0
Short Blades   | 3 4 5 |  5.5
Fighting       | |  2.0
Dodging        | |  1.0
Stealth        | |  5.3

Action                   |  1- 3 |  4- 6 |  7- 9 || total
-------------------------+-------+-------+-------++-------
Melee: Dagger            |    43 |   104 |    41 ||   188
       Constrict         |    11 |    16 |     9 ||    36
       Tentacles         |     4 |    22 |    13 ||    39
Throw: Dart              |       |     3 |     3 ||     6
 Stab: Sleeping          |    14 |    17 |       ||    31
       Distracted        |       |     1 |     1 ||     2
Armor: Skin              |     1 |     2 |       ||     3
Dodge: Dodged            |    19 |    40 |    20 ||    79
